 Dungeon Crawl Stone Soup version 0.17.0-24-gcfadda4 (webtiles) character file.

193 Raultor the Insei (level 5, 0/35 HPs)
             Began as an Octopode Transmuter on Nov 17, 2015.
             Was a Follower of Makhleb.
             Slain by Ijyb
             ... wielding a +4 club
              (4 damage)
             ... on level 3 of the Dungeon.
             The game lasted 00:08:18 (3279 turns).

Raultor the Insei (Octopode Transmuter)             Turns: 3279, Time: 00:08:19

Health: 0/35       AC:  1    Str:  9    XL:     5   Next: 72%
Magic:  3/8        EV: 13    Int: 16    God:    Makhleb [*.....]
Gold:   160        SH:  0    Dex: 13    Spells: 3 memorised, 1 level left

rFire  . . .     SeeInvis .       - Unarmed
rCold  . . .     Clarity  .     (no shield)
rNeg   . . .     SustAt   .     (helmet restricted)
rPois  .         Gourm    .     (no amulet)
rElec  .         Spirit   .     n - +1 ring of evasion
rCorr  .         Warding  .     (no ring)
rMut   .         Stasis   .     (no ring)
MR     .....                    (no ring)
Stlth  +++.......               (no ring)
                                (no ring)
                                (no ring)
                                (no ring)

@: lethally poisoned (0 -> -3), not resistant to hostile enchantments, fairly
stealthy
A: almost no armour, amphibious, 8 rings, constrict 8, camouflage 1, gelatinous
body 1
a: Renounce Religion


You were on level 3 of the Dungeon.
You worshipped Makhleb.
Makhleb was aware of your devotion.
You were not hungry.

You visited 1 branch of the dungeon, and saw 3 of its levels.

You collected 160 gold pieces.

Inventory:

Missiles
 a - 44 arrows
 k - 9 arrows of flame
 q - an arrow of frost
Jewellery
 n - a +1 ring of evasion (left tentacle)
Wands
 m - a wand of digging (3)
Scrolls
 d - 2 scrolls of identify {unknown}
 e - 2 scrolls of remove curse {unknown}
 h - 3 scrolls of enchant armour {unknown}
 i - 2 scrolls of teleportation {unknown}
 j - a scroll of random uselessness {unknown}
 p - 2 scrolls of fog {unknown}
Potions
 f - a potion of heal wounds {unknown}
 g - a potion of mutation {unknown}
 l - a potion of might {unknown}
 o - 2 potions of brilliance {unknown}
 r - a potion of curing {unknown}
Books
 b - a book of Changes

   Spells                             Type                      Level
   a - Beastly Appendage              Transmutation                1
   b - Sticks to Snakes               Transmutation                2
   c - Spider Form                    Transmutation/Poison         3
   d - Ice Form                       Ice/Transmutation            4
   e - Blade Hands                    Transmutation                5
Comestibles
 c - 2 bread rations
 s - 2 chunks of flesh
 t - 3 fruits


   Skills:
 - Level 2.3 Fighting
 - Level 2.0 Dodging
 - Level 1.1 Stealth
 + Level 4.6 Unarmed Combat
 - Level 2.0 Spellcasting
 * Level 3.6 Transmutations


You had one spell level left.
You knew the following spells:

 Your Spells              Type           Power        Failure   Level  Hunger
a - Beastly Appendage     Trmt           ##....       6%          1    #......
b - Ice Form              Ice/Trmt       #.......     91%         4    #####..
c - Sticks to Snakes      Trmt           ##........   10%         2    ###....


Dungeon Overview and Level Annotations

Branches:
Dungeon (3/15)

Altars:
Makhleb
Nemelex Xobeh
Vehumet

Annotations:
D:3 Ijyb


Innate Abilities, Weirdness & Mutations

You cannot wear most types of armour.
You are amphibious.
You can wear up to eight rings at the same time.
You can use your tentacles to constrict eight enemies at once.
Your skin changes colour to match your surroundings (Stealth).
Your rubbery body absorbs attacks (AC +1).


Message History

Your ball python closely misses Ijyb.
Your ball python barely misses Ijyb.
Casting: Sticks to Snakes
Confirm with . or Enter, or press ? or * to list all spells.
You create a snake!
Your ball python bites Ijyb but does no damage.
Your ball python barely misses Ijyb.
Your ball python withers and dies!
Ijyb screams, "Level is mine!
All mine!"
Your adder barely misses Ijyb.
You tentacle-slap Ijyb. You grab Ijyb.
Ijyb is moderately wounded.
You constrict Ijyb.
You feel sick.
Your adder bites Ijyb.
Ijyb is poisoned.
Your adder poisons Ijyb!
Ijyb hits you with an enchanted club.
* * * LOW HITPOINT WARNING * * *
You tentacle-slap Ijyb but do no damage.
You tentacle-slap Ijyb.
Ijyb is heavily wounded.
You constrict Ijyb.
Your adder bites Ijyb.
Ijyb hits you with an enchanted club.
You die...

#... #.########.##.#
#...###.......# ..... #
##.#...#.####.# #..
.##.#...).<....# .# #.#
........####.#.##.#####.#
..####..####............#
#.....####.#.#####.#.
##....# #.#.#####.##
#..@.# #......##.##
#.Sg.# ###.##.##.# ###.†#
#.##.##.# ..... #.....).#
........ #.....†.#
####.....# #.##.##.#
#.....# #.#..##.# #.....#
#.#.###.# ####### #. #.#


You could see Ijyb and a friendly adder.

Vanquished Creatures
  An orc priest (D:3)
  Jessica (D:3)
  7 adders
  A giant gecko (D:1)
  7 orcs (D:3)
  4 bats
  4 giant cockroaches
  11 hobgoblins
  8 jackals
  2 ball pythons
  3 giant newts
  4 goblins
  7 kobolds
  2 quokkas
  4 rats
66 creatures vanquished.

Notes
Turn   | Place    | Note
--------------------------------------------------------------
     0 | D:1      | Raultor the Octopode Transmuter began the quest for the Orb.
     0 | D:1      | Reached XP level 1. HP: 13/13 MP: 3/3
   253 | D:1      | Reached XP level 2. HP: 15/18 MP: 5/5
  1130 | D:2      | Reached XP level 3. HP: 16/23 MP: 6/6
  1388 | D:2      | Found a radiant altar of Vehumet.
  1703 | D:2      | Found a sparkling altar of Nemelex Xobeh.
  1910 | D:2      | Found a burning altar of Makhleb.
  1916 | D:2      | Became a worshipper of Makhleb the Destroyer
  1958 | D:2      | Reached skill level 1 in Stealth
  1958 | D:2      | Reached XP level 4. HP: 20/29 MP: 7/7
  2486 | D:3      | Learned a level 4 spell: Ice Form
  2678 | D:3      | HP: 1/30 [orc priest (1)]
  2679 | D:3      | Reached skill level 4 in Unarmed Combat
  2679 | D:3      | Reached XP level 5. HP: 1/35 MP: 6/8
  2783 | D:3      | Reached * piety under Makhleb
  3143 | D:3      | Noticed Jessica
  3144 | D:3      | Killed Jessica
  3199 | D:3      | Learned a level 2 spell: Sticks to Snakes
  3266 | D:3      | Noticed Ijyb
  3279 | D:3      | Slain by Ijyb

Action                   |  1- 3 |  4- 6 || total
-------------------------+-------+-------++-------
Melee: Unarmed           |    83 |    83 ||   166
 Cast: Beastly Appendage |     3 |     6 ||     9
       Sticks to Snakes  |       |     5 ||     5
 Stab: Sleeping          |     7 |     4 ||    11
  Eat: Chunk             |     3 |     5 ||     8
